 Dungeon Crawl Stone Soup version 0.20.0-15-g7f486f2 (webtiles) character file.

207 polve the Cutter (level 5, 0/25 HPs)
             Began as a Vine Stalker Artificer on July 1, 2017.
             Slain by an orc
             ... wielding a +0 trident
              (3 damage)
             ... on level 3 of the Dungeon.
             The game lasted 00:05:02 (3700 turns).

polve the Cutter (Vine Stalker Artificer)           Turns: 3700, Time: 00:05:03

Health: 0/25       AC:  4    Str: 15    XL:     5   Next: 85%
Magic:  0/8        EV: 13    Int: 11    God:
Gold:   219        SH:  0    Dex: 15    Spells: 4/4 levels left

rFire    . . .     SeeInvis +   a - +0 short sword
rCold    . . .     Gourm    .   (no shield)
rNeg     . . .     Faith    .   b - +0 leather armour
rPois    .         Spirit   +   w - +0 helmet {SInv}
rElec    .         Reflect  .   (no cloak)
rCorr    .         Harm     .   (no gloves)
MR       .....                  (no boots)
Stlth    ++........             (no amulet)
Regen    0.5/turn               (no ring)
MPRegen  0.2/turn               (no ring)

@: no status effects
A: fangs 2, regeneration 1, magic shield, antimagic bite, no potion heal 3, rot
immunity
a: no special abilities


You were on level 3 of the Dungeon.
You were not hungry.

You visited 1 branch of the dungeon, and saw 3 of its levels.

You collected 219 gold pieces.

Inventory:

Hand Weapons
 a - a +0 short sword (weapon)
Armour
 b - a +0 leather armour (worn)
 v - a +0 pair of boots
 w - a +0 helmet of see invisible (worn)
Jewellery
 x - an uncursed ring of ice {unknown}
Wands
 c - a wand of flame (11/48)
 d - a wand of enslavement (15/24)
 e - a wand of random effects (15/48)
Scrolls
 j - 5 scrolls of blinking
 l - a scroll of teleportation {unknown}
 m - 4 scrolls of amnesia
 q - 3 scrolls of remove curse {unknown}
 u - a scroll of immolation
Potions
 g - a potion of flight {unknown}
 k - 4 potions of curing {unknown}
 o - a potion of cancellation {unknown}
 p - a potion of lignification {unknown}
 r - a potion of mutation {unknown}
 s - a potion of magic {unknown}
 t - a potion of haste {unknown}
Comestibles
 f - 2 bread rations
 h - 2 royal jellies
 i - 10 chunks of flesh
 n - a meat ration


   Skills:
 - Level 0.8 Fighting
 + Level 3.7 Short Blades
 + Level 3.3 Dodging
 - Level 1.2 Stealth
 - Level 2.6 Evocations


You had 4 spell levels left.
You didn't know any spells.

Dungeon Overview and Level Annotations

Branches:
Dungeon (3/15)

Altars:


Innate Abilities, Weirdness & Mutations

You have extremely sharp teeth.
Your natural rate of healing is unusually fast.
When hurt, damage is shared between your health and your magic reserves.
Your bite disrupts and absorbs the magic of your enemies.
Potions cannot restore your health.
You are immune to rotting.


Message History

The orc misses you.
You hit the orc priest but do no damage.
The orc barely misses you.
The orc priest calls down the wrath of Beogh upon you.
Beogh smites you!
* * * LOW HITPOINT WARNING * * *
You closely miss the orc priest. You bite the orc priest. You drain its power.
You feel invigorated.
The orc priest is lightly wounded.
The orc barely misses you.
The orc hits you from afar with a trident.
* * * LOW HITPOINT WARNING * * *
The orc priest mumbles some strange prayers to Beogh against you.
Pain shoots through your body!
You closely miss the orc priest.
You bite the orc priest, but do no damage.
The orc priest is lightly wounded.
The orc misses you. The orc priest misses you.
The orc hits you from afar with a trident.
You die...

#....## #.####.#..######
#..............#
#.###......###.#
#............#.###
....###.#.#..[.....##..
.............ooo.......#
########.###o##..#####
#.# #@##..# #.# #.##..#
#.# #.###.##
##.###.###..#
#...........##
#..###.###...######.
#..###.###..........
#.............##### #.#
#.####.####.#.#


You could see an orc priest and 3 orcs.

Vanquished Creatures
  An orc wizard (D:3)
  Terence (D:3)
  Natasha (D:2)
  Robin (D:2)
  4 adders
  2 oozes
  3 leopard geckos
  4 orcs (D:3)
  4 bats
  4 giant cockroaches
  13 hobgoblins
  2 ball pythons
  3 frilled lizards (D:1)
  12 goblins
  2 kobolds (D:1)
  11 rats
68 creatures vanquished.

Notes
Turn   | Place    | Note
-------+----------+-------------------------------------------
     0 | D:1      | polve the Vine Stalker Artificer began the quest for the Orb.
     0 | D:1      | Reached XP level 1. HP: 9/9 MP: 3/3
   183 | D:1      | Reached skill level 1 in Short Blades
   509 | D:1      | Reached XP level 2. HP: 12/14 MP: 5/5
  1087 | D:1      | You fall through a shaft!
  1568 | D:1      | Reached XP level 3. HP: 14/17 MP: 4/6
  2287 | D:2      | Noticed Robin
  2788 | D:2      | Gained mutation: Your natural rate of healing is unusually fast. [Vine Stalker growth]
  2788 | D:2      | Reached XP level 4. HP: 6/21 MP: 3/7
  2861 | D:2      | Noticed Natasha
  2868 | D:2      | Killed Natasha
  3009 | D:2      | Killed Robin
  3205 | D:3      | Reached XP level 5. HP: 17/25 MP: 3/8
  3524 | D:3      | Noticed Terence
  3560 | D:3      | Killed Terence
  3700 | D:3      | Slain by an orc

Skill      XL: |  1  2  3  4  5 |
---------------+----------------+-----
Short Blades   | 1 2 3 |  3.7
Dodging        | 2 3 |  3.3
Fighting       | |  0.8
Stealth        | |  1.2
Evocations     | |  2.6

Action                   |  1- 3 |  4- 6 || total
-------------------------+-------+-------++-------
Melee: Short sword       |   165 |   169 ||   334
       Bite              |    34 |    57 ||    91
Evoke: Wand              |     3 |     1 ||     4
  Use: Scroll            |       |     3 ||     3
 Stab: Sleeping          |     2 |       ||     2
  Eat: Chunk             |     5 |     4 ||     9
Armor: Leather armour    |    34 |    41 ||    75
Dodge: Dodged            |    98 |   121 ||   219
